AoeStats
← spt

Arabia

505873515Analyzed
1v1 RM · 22d ago on Sep 11, 2026· 49m 32s· 2 players
Game mode
Random Map
Map size
Tiny (2 player)
Population
200
Speed
Normal
Resources
Standard
Victory
Conquest
Starting age
Dark Age
Ending age
Imperial Age
RankedLock teamsTeams togetherTeam positionsShared explorationLock speedFull tech treeHidden civsTurbo modeCheats
Victory
Defeat
🇫🇷 Armenians · France
993
+16
🇨🇦 Magyars · Canada
1003
-16
kiara.g
7:37 Loom
10:21 Feudal Age
13:25 Man-at-Arms
20:03 Horse Collar
20:14 Double-Bit Axe
23:35 Castle Age
21:23 Pikeman
22:42 Long Swordsman
24:18 Two-Handed Swordsman
25:28 Fletching
26:56 Heavy Plow
27:58 Elite Skirmisher
29:30 Bodkin Arrow
29:35 Padded Archer Armor
31:55 Wheelbarrow
31:59 Town Watch
32:43 Halberdier
34:50 Hand Cart
35:13 Town Patrol
39:50 Imperial Age
37:41 Squires
37:31 Gambesons
39:20 Ballistics
40:00 Champion
40:17 Capped Ram
41:27 Scale Mail Armor
41:37 Forging
41:41 Arson
42:22 Siege Ram
43:11 Gold Mining
43:31 Bow Saw
43:37 Bracer
43:55 Leather Archer Armor
45:34 Iron Casting
45:16 Chain Mail Armor
46:20 Ring Archer Armor
spt
5:38 Loom
8:46 Feudal Age
9:41 Double-Bit Axe
21:06 Castle Age
19:27 Horse Collar
19:39 Gold Mining
20:00 Bloodlines
20:02 Fletching
20:48 Padded Archer Armor
22:01 Bodkin Arrow
22:47 Bow Saw
23:20 Leather Archer Armor
26:33 Wheelbarrow
28:00 Ballistics
32:32 Thumb Ring
32:33 Scale Barding Armor
37:00 Husbandry
39:19 Hand Cart
39:07 Heavy Plow
41:21 Corvinian Army
46:08 Imperial Age
45:58 Chain Barding Armor
49:47 Bracer
Connection lost

Rejoining the realm…

Still unreachable

The connection could not be restored.

Session expired

The server has moved on; the page needs a fresh start.